 Dungeon Crawl Stone Soup version 0.28-a0-861-ge64d6db94f (webtiles) character file.

Game seed: 8965641826047176801

405 senseless the Conjurer (level 6, -6/47 HPs)
             Began as a Draconian Conjurer on Nov 15, 2021.
             Was a High Priest of Ignis.
             Mangled by Eustachio (7 damage)
             ... on level 4 of the Dungeon.
             The game lasted 00:13:18 (3450 turns).

senseless the Conjurer (Draconian Conjurer)         Turns: 3450, Time: 00:13:18

Health: -6/47      AC: 11    Str:  9    XL:     6   Next: 56%
Magic:  4/11       EV: 12    Int: 20    God:    Ignis [*****.]
Gold:   69         SH:  0    Dex: 13    Spells: 9/12 levels left

rFire   + . .      SeeInvis .   a - +5 mace of the Valley of Death {vorpal, Dex+3}
rCold   . . .      Faith    .   (no shield)
rNeg    . . .      Spirit   .   (armour unavailable)
rPois   .          Reflect  .   (helmet restricted)
rElec   .          Harm     .   m - +0 cloak
rCorr   .          Rampage  .   (no gloves)
Will    .....                   (no boots)
Stlth   ++........              (no amulet)
HPRegen 0.15/turn               o - +4 ring of protection
MPRegen 0.12/turn               (no ring)

@: about to teleport
A: AC +6, unfitting armour, cold-blooded
a: Renounce Religion, Sea of Fire, Foxfire Swarm, Rising Flame


You were on level 4 of the Dungeon.
You worshipped Ignis.
Ignis was extremely pleased with you.
You visited 1 branch of the dungeon, and saw 4 of its levels.

You collected 69 gold pieces.

Inventory:

Hand Weapons
 a - the +5 mace of the Valley of Death (weapon) {vorpal, Dex+3}
   (You took it off an orc on level 3 of the Dungeon)

   It inflicts extra damage upon your enemies.
   Dex:       It affects your dexterity (+3).
 b - a +2 hunting sling of freezing
 j - a +2 short sword of electrocution
 k - a +2 dagger of flaming
 l - a +3 war axe
Missiles
 e - 22 sling bullets
Armour
 m - a +0 cloak (worn)
Jewellery
 o - a +4 ring of protection (left hand)
Scrolls
 c - a scroll of identify
 n - a scroll of fog {unknown}
Potions
 d - a potion of mutation
 g - a potion of curing {unknown}
 h - a potion of berserk rage {unknown}


   Skills:
 + Level 1.1 Fighting
 + Level 1.3 Short Blades
 + Level 2.0 Slings
 + Level 2.5 Dodging
 + Level 2.4 Stealth
 + Level 3.5 Spellcasting
 + Level 5.7 Conjurations


You had 9 spell levels left.
You knew the following spells:

 Your Spells              Type           Power      Damage    Failure   Level
a - Magic Dart            Conj           100%       1d8       1%          1
b - Searing Ray           Conj           52%        2d6       1%          2

Your spell library contained the following spells:

 Spells                   Type           Power      Damage    Failure   Level
 Dazzling Flash           Conj/Hex       30%        N/A       12%         3
 Fulminant Prism          Conj/Hex       7%         3d7       38%         4
 Iskenderun's Mystic Bla  Conj/Tloc      15%        2d5       38%         4


Dungeon Overview and Level Annotations

Branches:
Dungeon (4/15)
 Temple: D:4-7

Altars:
Beogh
Ignis

Annotations:
D:4 Eustachio


Innate Abilities, Weirdness & Mutations

Your plain brown scales are hard. (AC +6)
You cannot fit into any form of body armour.
You are cold-blooded and may be slowed by cold attacks.


Message History

Eustachio blinks!
The river rat completely misses you.
You barely miss the river rat.
You tail-slap the river rat, but do no damage.
The river rat is severely wounded.
The ufetubus completely misses you. The ufetubus misses you.
The iron imp closely misses you. The river rat misses you.
You closely miss the river rat.
The river rat is severely wounded.
The iron imp disappears in a puff of smoke!
The river rat misses you.
The crimson imp hits you but does no damage.
You barely miss the river rat.
The river rat is severely wounded.
The river rat bites you.
* * * LOW HITPOINT WARNING * * *
The ufetubus hits you.
* * * LOW HITPOINT WARNING * * *
The ufetubus hits you.
* * * LOW HITPOINT WARNING * * *
The crimson imp blinks!
The ufetubus closely misses you. The ufetubus hits you.
* * * LOW HITPOINT WARNING * * *
The river rat bites you but does no damage.
As you read the scroll labelled OSUMOSHR YGRU, it crumbles to dust.
It is a scroll of identify.
d - a potion of mutation The ufetubus hits you but does no damage.
The ufetubus closely misses you.
The crimson imp blinks!
The river rat bites you but does no damage.
As you read the scroll labelled UREBEWNUFON, it crumbles to dust.
The creatures around you are filled with an inner flame!
It was a scroll of immolation.
The ufetubus barely misses you. The ufetubus closely misses you.
The ufetubus hits you but does no damage.
The ufetubus closely misses you. The river rat closely misses you.
As you read the scroll labelled FAADEZEKEXUERR, it crumbles to dust.
You feel strangely unstable.
It was a scroll of teleportation.
The ufetubus disappears in a puff of smoke!
The river rat bites you but does no damage.
Eustachio hits you with a +2 rapier of protection!
You die...

#...####.####.............#
#...........#.............#
#...####.##.....#######...#
#...# #.######...........#
#...# #.# #########...#
#... #.# #...## # #.#
#....### #.###### ####..##
#....r@# ##..#
######§@5...§. ##..
......... ##. #####..... ##
..... # .... # ... # ### #


You could see Eustachio (inner flame), a crimson imp (summoned, inner flame) and
a river rat (summoned, inner flame).

Vanquished Creatures
  Sigmund (D:3)
  The ghost of t4s4d4r the Insei, an amateur DgTm (D:3)
  An orc priest (D:3)
  An orc wizard (D:3)
  7 adders
  A worm (D:2)
  A dart slug (D:1)
  8 orcs (D:3)
  7 ball pythons
  2 bats (D:1)
  6 endoplasms
  4 goblins
  2 hobgoblins
  6 kobolds
  2 quokkas (D:2)
  5 frilled lizards
  A rat (D:2)
56 creatures vanquished.

Notes
Turn   | Place    | Note
-------+----------+-------------------------------------------
     0 | D:1      | senseless the Draconian Conjurer began the quest for the
                  | Orb.
     0 | D:1      | Reached XP level 1. HP: 14/14 MP: 3/3
   111 | D:1      | Found a faded altar of an unknown god.
   115 | D:1      | Prayed at the altar of an unknown god.
   115 | D:1      | Became a worshipper of Ignis, the Dying Flame
   452 | D:1      | Reached XP level 2. HP: 20/20 MP: 3/5
   604 | D:1      | Learned a level 2 spell: Searing Ray
  1011 | D:2      | Reached XP level 3. HP: 16/26 MP: 0/6
  2089 | D:3      | Noticed Sigmund
  2097 | D:3      | Killed Sigmund
  2098 | D:3      | Reached skill level 1 in Short Blades
  2098 | D:3      | Reached skill level 1 in Slings
  2098 | D:3      | Reached skill level 5 in Conjurations
  2098 | D:3      | Reached XP level 4. HP: 25/34 MP: 0/8
  2098 | D:3      | Reached XP level 5. HP: 29/39 MP: 0/9
  2341 | D:3      | Reached skill level 1 in Fighting
  2347 | D:3      | Reached XP level 6. HP: 38/47 MP: 0/10
  2810 | D:3      | Found a runed translucent gate.
  2814 | D:3      | Found a runed translucent gate.
  2815 | D:3      | Found a runed translucent gate.
  2816 | D:3      | Noticed t4s4d4r's ghost (amateur DgTm)
  2816 | D:3      | Identified the +5 mace of the Valley of Death {vorpal,
                  | Dex+3}
  2868 | D:3      | Killed t4s4d4r's ghost
  3410 | D:4      | Noticed Eustachio
  3447 | D:4      | HP: 1/47 [ufetubus[Eustachio] (2)]
  3450 | D:4      | Mangled by Eustachio

Illustrated notes

Levels and vault maps discovered:
D:1:      heliophobic_arrival_dark_side_of_the_moon, layout_basic,
          ebering_ecumenical_altar_rust
D:2:      layout_basic
D:3:      layout_basic, biasface_ghost_orc_armoury, uniq_sigmund
D:4:      layout_rooms, uniq_crazy_yiuf_cottage, uniq_eustachio

Skill      XL: |  1  2  3  4  5  6 |
---------------+-------------------+-----
Short Blades   | 1 |  1.3
Slings         | 1 2 |  2.0
Dodging        | 2 |  2.5
Stealth        | 2 |  2.4
Spellcasting   | 3 |  3.5
Conjurations   | 5 |  5.7
Fighting       | 1 |  1.1

Action                   |  1- 3 |  4- 6 || total
-------------------------+-------+-------++-------
Melee: Dagger            |     4 |    13 ||    17
       Short sword       |    26 |    15 ||    41
       Tailslap          |     1 |     3 ||     4
       Mace              |       |    10 ||    10
 Fire: Hunting sling     |     6 |       ||     6
 Cast: Magic Dart        |    61 |    45 ||   106
       Searing Ray       |     1 |     5 ||     6
  Use: Scroll            |       |     3 ||     3
 Stab: Sleeping          |       |     1 ||     1
Armor: Skin              |    16 |    28 ||    44
Dodge: Dodged            |    27 |    42 ||    69

Table legend: (Time is in decaauts)
 A = Elapsed time spent in this place.
 B = Non-inter-level travel time spent in this place.
 C = Inter-level travel time spent in this place.
 D = Time resting spent in this place.
 E = Time spent auto-exploring this place.
 F = Levels seen in this place.
 G = Mean time per level.
                   A        B        C        D        E       F      G
               +--------+--------+--------+--------+--------+-----+--------+
         Total |   3456 |   3406 |     50 |    232 |   2724 |   4 |  864.0 |
       Dungeon |   3456 |   3406 |     50 |    232 |   2724 |   4 |  864.0 |
               +--------+--------+--------+--------+--------+-----+--------+

Top non-repeatable levels by time:
     D:2: 1108 daAuts
     D:3: 1077 daAuts
     D:1: 968 daAuts
     D:4: 301 daAuts
